[Event "Late-Titled-Tuesday-Blitz-April-30-2024"]
[Site "Chess.com"]
[Date "2024.04.30"]
[Round "4"]
[White "H3nriqueTV"]
[Black "sillypiggy2024"]
[Result "1-0"]
[WhiteElo "2430"]
[BlackElo "1735"]
[TimeControl "180+1"]
[EndTime "14:38:21 PDT"]
[Termination "H3nriqueTV won on time"]

1. e4 c6 2. d4 d5 3. Nc3 dxe4 4. Nxe4 Bf5 5. Ng3 Bg6 6. Nf3 Nd7 7. c3 e6 8. Bf4 Ngf6 9. Bd3 Bxd3 10. Qxd3 Be7 11.
O-O O-O 12. Rfe1 b5 13. b3 Qb6 14. Nf5 Rfe8 15. Nxe7+ Rxe7 16. c4 Rd8 17. Qc2 Nf8 18.
Bg5 1-0

[Event "Late-Titled-Tuesday-Blitz-April-30-2024"]
[Site "Chess.com"]
[Date "2024.04.30"]
[Round "4"]
[White "LuciaMalanRamos"]
[Black "laskakid"]
[Result "0-1"]
[WhiteElo "2115"]
[BlackElo "2393"]
[TimeControl "180+1"]
[EndTime "14:38:23 PDT"]
[Termination "laskakid won on time"]

1. d4 f5 2. c4 Nf6 3. Nc3 d6 4. Nf3 g6 5. Qc2 Bg7 6. Bg5 O-O 7. e3 c6 8. Bd3 a5 9. a4 Na6 10. O-O Nb4 11. Qd2 Nxd3 12. Qxd3 Qc7 13. Rfc1 e5 14. dxe5 dxe5 15. Qe2 Be6 16. e4 f4 17. Bxf6 Bxf6 18.
Rd1 Qf7 19. b3 g5 20. h3 h5 21. Rd3 g4 22. hxg4 hxg4 23. Nh2 Qh5 24. Rad1 Rf7 0-1

[Event "Late-Titled-Tuesday-Blitz-April-30-2024"]
[Site "Chess.com"]
[Date "2024.04.30"]
[Round "4"]
[White "BrandonJiang123456"]
[Black "subham777"]
[Result "0-1"]
[WhiteElo "2213"]
[BlackElo "2475"]
[TimeControl "180+1"]
[EndTime "14:38:27 PDT"]
[Termination "subham777 won by resignation"]

1. e4 e6 2. d4 d5 3. Nc3 Nf6 4.
exd5 exd5 5. Bg5 c6 6. Bd3 Be7 7. Qd2 O-O 8. O-O-O b5 9. f3 Qa5 10. Kb1 Be6 11. Nge2 Nbd7 12. Nf4 Nb6 13. Nxe6 fxe6 14. Rde1 Bb4 15. Rxe6 Na4 16. Rxc6 Rac8 17. Rxc8 Rxc8 18. Bxf6 Nxc3+ 19. bxc3 Bxc3 20. Bxh7+ Kxh7 21. Qd3+ g6 22. Kc1 Qb4 23. Kd1 Qb1+ 24. Ke2 Qxh1 25. Qe3 0-1

[Event "Late-Titled-Tuesday-Blitz-April-30-2024"]
[Site "Chess.com"]
[Date "2024.04.30"]
[Round "4"]
[White "miaou33"]
[Black "HamedWafa4"]
[Result "0-1"]
[WhiteElo "2543"]
[BlackElo "2732"]
[TimeControl "180+1"]
[EndTime "14:38:33 PDT"]
[Termination "HamedWafa4 won on time"]

1. e4 e5 2. Nf3 Nc6 3. Bc4 Bc5 4. b4 Bxb4 5. c3 Be7 6. d4 Na5 7. Bxf7+ Kxf7 8. Nxe5+ Kf8 9. O-O d6 10. f4 dxe5 11.
fxe5+ Ke8 12. Qh5+ g6 13. Qf3 Be6 14. d5 Qd7 15.
Ba3 Nh6 16. dxe6 Qxe6 17. Qe2 Nc6 18. Bxe7 Qxe7 19. Nd2 Nf7 20. Rab1 Rb8 21. Qc4 Nfxe5 22. Qd5 Rf8 23. Rxf8+ Kxf8 24. Rf1+ Kg7 0-1

[Event "Late-Titled-Tuesday-Blitz-April-30-2024"]
[Site "Chess.com"]
[Date "2024.04.30"]
[Round "4"]
[White "Russian_berezka"]
[Black "OppieZippy"]
[Result "1-0"]
[WhiteElo "2621"]
[BlackElo "2399"]
[TimeControl "180+1"]
[EndTime "14:38:35 PDT"]
[Termination "Russian_berezka won by checkmate"]

1. d4 Nf6 2. c4 e6 3. Nf3 b6 4.
g3 Ba6 5. Qc2 Bb7 6. Bg2 Be7 7. Nc3 d5 8. cxd5 Nxd5 9. O-O O-O 10. e4 Nxc3 11. bxc3 c5 12. e5 cxd4 13. cxd4 Bd5 14. h4 Nc6 15. Be3 Rc8 16. Qd2 Na5 17.
Bg5 Nc4 18. Qe2 h6 19. Bxe7 Qxe7 20. Rac1 b5 21. Rfd1 a6 22. Ne1 Qb7 23. Bxd5 Qxd5 24. Ng2 Rfd8 25. Nf4 Qb7 26. Qg4 Qe4 27. Re1 Qxd4 28.
Rcd1 Qc5 29. Nh5 Qf8 30. Nf6+ Kh8 31. Nh5 g6 32. Nf6 Qe7 33. Qf4 Kg7 34. h5 g5 35.
Qe4 Rxd1 36. Qh7+ Kf8 37. Qg8# 1-0

[Event "Late-Titled-Tuesday-Blitz-April-30-2024"]
[Site "Chess.com"]
[Date "2024.04.30"]
[Round "4"]
[White "Shiner22"]
[Black "Dr_Pepper18"]
[Result "0-1"]
[WhiteElo "2300"]
[BlackElo "2504"]
[TimeControl "180+1"]
[EndTime "14:38:41 PDT"]
[Termination "Dr_Pepper18 won by resignation"]

1. e4 e6 2. d4 d5 3. e5 c5 4. c3 Qa5 5. Nf3 cxd4 6. Bd3 Nc6 7. O-O Bd7 8. cxd4 Nb4 9. Bd2 Qb6 10. Bxb4 Bxb4 11.
Nc3 Rc8 12. Rc1 Ne7 13. Re1 Nc6 14. Bb1 Na5 15. Ng5 Be7 16. Nxh7 Qxb2 17. Nxd5 Rxc1 18. Qxc1 Qxc1 19. Rxc1 exd5 20. f4 Nc6 21. Rd1 g6 22. Nf6+ Bxf6 23. exf6 Bf5 24. Bxf5 gxf5 25. Re1+ Kd7 26.
Re5 Nxe5 0-1

[Event "Late-Titled-Tuesday-Blitz-April-30-2024"]
[Site "Chess.com"]
[Date "2024.04.30"]
[Round "4"]
[White "jcibarra"]
[Black "AlexeiShirov"]
[Result "1-0"]
[WhiteElo "3007"]
[BlackElo "2812"]
[TimeControl "180+1"]
[EndTime "14:38:45 PDT"]
[Termination "jcibarra won by resignation"]

1. e4 e5 2. Nf3 Nc6 3. Bb5 f5 4.
Nc3 fxe4 5. Bxc6 bxc6 6. Nxe4 d5 7.
Ng3 e4 8. Ne5 Qf6 9. d4 Bd6 10.
O-O Bxe5 11. Qh5+ g6 12. Qxe5+ Qxe5 13. dxe5 c5 14. b3 Ba6 15. Rd1 c6 16. c4 O-O-O 17. Ba3 Nh6 18. Bxc5 Kb7 19. Be7 Rd7 20. Bf6 Rf8 21.
Nxe4 Kb6 22. e6 Rc7 23. e7 Ra8 24. c5+ 1-0

[Event "Late-Titled-Tuesday-Blitz-April-30-2024"]
[Site "Chess.com"]
[Date "2024.04.30"]
[Round "4"]
[White "Msb2"]
[Black "djano"]
[Result "1-0"]
[WhiteElo "3031"]
[BlackElo "2621"]
[TimeControl "180+1"]
[EndTime "14:38:47 PDT"]
[Termination "Msb2 won by resignation"]

1. d4 Nf6 2. c4 g6 3. Nc3 d6 4. e4 Bg7 5. Be2 O-O 6. Nf3 c5 7. O-O cxd4 8. Nxd4 Nc6 9. Be3 Bd7 10. h3 Nxd4 11. Bxd4 Bc6 12. Qc2 Nd7 13. Bxg7 Kxg7 14. b4 b6 15. Rad1 Rc8 16. Qb2 Kg8 17. f4 Qc7 18. h4 Nf6 19. Bd3 Bd7 20. Rde1 Be6 21. Nb5 Qd7 22. Rc1 Qb7 23. Nxd6 exd6 24. Qxf6 Qa6 25.
h5 h6 26. hxg6 Bxc4 27. Rxc4 Rxc4 28. g7 Rfc8 29. Qxh6 f6 30. e5 Qxa2 31. Qh8+ Kf7 32.
e6+ Kxe6 33. g8=Q+ 1-0

[Event "Late-Titled-Tuesday-Blitz-April-30-2024"]
[Site "Chess.com"]
[Date "2024.04.30"]
[Round "4"]
[White "maximnovik"]
[Black "KebabJangles"]
[Result "1-0"]
[WhiteElo "2505"]
[BlackElo "2308"]
[TimeControl "180+1"]
[EndTime "14:38:52 PDT"]
[Termination "maximnovik won by resignation"]

1. e4 c5 2. Nf3 e6 3. c3 d5 4. e5 d4 5. d3 Nc6 6. g3 Nge7 7. Bg2 Ng6 8. Qe2 Be7 9. O-O Qc7 10.
Re1 O-O 11. h4 f6 12. exf6 Bxf6 13. h5 Nge7 14. h6 g6 15. c4 e5 16. Nh2 Nf5 17. Nd2 Nd6 18. Ne4 Nxe4 19. Bxe4 Be6 20. Ng4 Bh8 21. Bg5 Rae8 22. f3 Ne7 23. Bxe7 Rxe7 24. Qd2 Bxg4 25. fxg4 Rf6 26. g5 Rd6 27. Rf1 Qd7 28.
Rf3 Re8 29. Raf1 b6 30. Qf2 Qe7 31. Rf7 1-0

[Event "Late-Titled-Tuesday-Blitz-April-30-2024"]
[Site "Chess.com"]
[Date "2024.04.30"]
[Round "4"]
[White "nochewycandy"]
[Black "Anton_Demchenko"]
[Result "1-0"]
[WhiteElo "2816"]
[BlackElo "2913"]
[TimeControl "180+1"]
[EndTime "14:38:56 PDT"]
[Termination "nochewycandy won by checkmate"]

1. Nf3 Nf6 2. g3 g6 3. Bg2 Bg7 4. O-O O-O 5. d4 d6 6. c4 Nbd7 7. Nc3 e5 8. e4 exd4 9. Nxd4 Re8 10. Nc2 Nc5 11. f3 Nfd7 12. Ne3 a5 13. Qc2 a4 14. Bd2 c6 15. Kh1 h5 16. f4 h4 17. e5 hxg3 18. hxg3 dxe5 19. f5 g5 20.
Ng4 f6 21. Rad1 Qe7 22. Be3 Qf7 23. Qe2 e4 24. Rd6 Qe7 25. Rfd1 Bf8 26. Bxc5 Nxc5 27. Nxf6+ Kf7 28. Qh5+ Kg7 29. Qh7# 1-0

[Event "Late-Titled-Tuesday-Blitz-April-30-2024"]
[Site "Chess.com"]
[Date "2024.04.30"]
[Round "4"]
[White "attack2mateU"]
[Black "ALBERT_KLOC"]
[Result "1-0"]
[WhiteElo "2709"]
[BlackElo "2501"]
[TimeControl "180+1"]
[EndTime "14:38:56 PDT"]
[Termination "attack2mateU won by resignation"]

1. e4 c5 2. Nf3 d6 3. d4 cxd4 4. Nxd4 Nf6 5. Nc3 Nc6 6. Bg5 e6 7. Qd2 a6 8. O-O-O Bd7 9. f3 Nxd4 10. Qxd4 Be7 11. Kb1 Qc7 12. Qd2 b5 13. h4 h5 14. Ne2 a5 15. Nd4 Rb8 16. Bd3 b4 17. Qe2 e5 18. Nf5 Bxf5 19. exf5 O-O 20. g4 d5 21.
Bxf6 Bxf6 22. g5 e4 23. gxf6 exd3 24. Rxd3 gxf6 25. Rg1+ Kh8 26. f4 1-0

[Event "Late-Titled-Tuesday-Blitz-April-30-2024"]
[Site "Chess.com"]
[Date "2024.04.30"]
[Round "4"]
[White "lluiss"]
[Black "masterofpuppets2"]
[Result "0-1"]
[WhiteElo "2219"]
[BlackElo "2476"]
[TimeControl "180+1"]
[EndTime "14:38:59 PDT"]
[Termination "masterofpuppets2 won by resignation"]

1. Nf3 d6 2. d4 Nf6 3. g3 g6 4.
Bg2 Bg7 5. O-O Bd7 6. c4 Qc8 7. Re1 Bh3 8. Bh1 O-O 9. e4 c5 10. e5 Ne8 11. Nc3 cxd4 12. Nd5 Nc6 13. exd6 Nxd6 14.
Nxe7+ Nxe7 15. Rxe7 Qxc4 16. Ng5 Bf5 17. Bf4 Rad8 18. Rc1 Qxa2 19. Bxd6 Rxd6 20. Rxb7 d3 21. Ra1 Qc4 22. Raxa7 d2 23. Rc7 Bc2 24. Qxd2 Qxc7 0-1

[Event "Late-Titled-Tuesday-Blitz-April-30-2024"]
[Site "Chess.com"]
[Date "2024.04.30"]
[Round "4"]
[White "th3d4rkness"]
[Black "FREZZY23"]
[Result "0-1"]
[WhiteElo "2156"]
[BlackElo "2372"]
[TimeControl "180+1"]
[EndTime "14:38:59 PDT"]
[Termination "FREZZY23 won by resignation"]

1. e4 c5 2. Nc3 d6 3. d4 cxd4 4.
Qxd4 Nc6 5. Qd2 Nf6 6. b3 g6 7. Bb2 Bg7 8. O-O-O O-O 9. f3 a5 10. Kb1 Be6 11. Bb5 Qb6 12. Nge2 Rfc8 13. g4 a4 14.
bxa4 Na5 15. g5 Nd7 16. Nd4 Nc4 17. Qd3 Nxb2 18. Kxb2 Bc4 19. Qd2 e5 20. Nb3 Bxb5 21.
axb5 Bf8 22. a4 Nc5 23. Nxc5 Qxc5 24. Nd5 Rxa4 25. b6 Qa3+ 0-1

[Event "Late-Titled-Tuesday-Blitz-April-30-2024"]
[Site "Chess.com"]
[Date "2024.04.30"]
[Round "4"]
[White "manmanlai1"]
[Black "RandomNoob04"]
[Result "0-1"]
[WhiteElo "2547"]
[BlackElo "2735"]
[TimeControl "180+1"]
[EndTime "14:39:02 PDT"]
[Termination "RandomNoob04 won by resignation"]

1. e4 d5 2. exd5 Qxd5 3. Nc3 Qa5 4. d4 Nf6 5. Nf3 Bf5 6. Bc4 e6 7. O-O Bb4 8. Ne2 O-O 9. Ng3 Bg6 10. Ne5 Bd6 11. Nxg6 hxg6 12. c3 c5 13. dxc5 Qxc5 14.
Be2 Qc7 15. Re1 Nc6 16. Nf1 Rad8 17. Qc2 Nd4 18. Qa4 Nxe2+ 19. Rxe2 a6 20. Bg5 Be7 21.
Rd1 Rxd1 22. Qxd1 Qa5 23. Bxf6 Bxf6 24. Qb1 Qb5 25. Rd2 Bxc3 26. Rc2 Bf6 27. b3 Rd8 28. Rd2 Rc8 29. Rc2 Rc5 30. Qc1 Rxc2 31. Qxc2 Qd7 32. g3 Bd4 33. Nd2 Qd5 34. Ne4 Kh7 35.
h4 f6 36. Nd2 Qf5 37. Ne4 Bxf2+ 38. Qxf2 Qxe4 39. Kh2 Qd5 40. b4 g5 41. h5 g4 42. Qc2+ Qf5 0-1

[Event "Late-Titled-Tuesday-Blitz-April-30-2024"]
[Site "Chess.com"]
[Date "2024.04.30"]
[Round "4"]
[White "Rytenko_V"]
[Black "Davidalhesa2007"]
[Result "1-0"]
[WhiteElo "2495"]
[BlackElo "1912"]
[TimeControl "180+1"]
[EndTime "14:39:04 PDT"]
[Termination "Rytenko_V won on time"]

1. e4 c5 2. Nf3 e6 3. d4 cxd4 4. Nxd4 a6 5. Nc3 Qc7 6. Bd3 Nc6 7. Nxc6 dxc6 8. O-O b5 9. a3 c5 10. Re1 Bb7 11.
Nd5 exd5 12. exd5+ Be7 13. d6 Qxd6 14. Bxb5+ Kf8 15.
Bd3 Nf6 16. Be3 h6 17. Qe2 Re8 18. Rad1 Qc7 19. f3 Bc6 20. Bxa6 Bd6 21. h3 Nd5 22.
Rd3 Nxe3 23. Rxe3 Rxe3 24. Qxe3 g6 25. Qc3 Rg8 26. Bc4 Qe7 27. Rxe7 Bxe7 28. Qe5 f6 29. Qc7 Be8 30. a4 1-0

[Event "Late-Titled-Tuesday-Blitz-April-30-2024"]
[Site "Chess.com"]
[Date "2024.04.30"]
[Round "4"]
[White "PenguinPacks"]
[Black "profedechess93"]
[Result "1-0"]
[WhiteElo "2460"]
[BlackElo "2658"]
[TimeControl "180+1"]
[EndTime "14:39:07 PDT"]
[Termination "PenguinPacks won by resignation"]

1. e4 e6 2. d4 d5 3. e5 c5 4. c3 Nc6 5. Nf3 Qb6 6. Bd3 cxd4 7. O-O Bd7 8. Re1 Rc8 9. c4 Nge7 10.
h4 Nb4 11. cxd5 Nxd3 12. Qxd3 Nxd5 13. a3 Bb5 14. Qe4 d3 15. Nc3 Nxc3 16. bxc3 Rxc3 17. Be3 Qc6 18. Qg4 Qd5 19. Red1 h5 20. Qg5 Bc6 21.
Bxa7 Rc4 22. Bb6 f6 23. Qg6+ Ke7 24. Rxd3 1-0

[Event "Late-Titled-Tuesday-Blitz-April-30-2024"]
[Site "Chess.com"]
[Date "2024.04.30"]
[Round "4"]
[White "zano2023"]
[Black "Slovineanu"]
[Result "0-1"]
[WhiteElo "2144"]
[BlackElo "2467"]
[TimeControl "180+1"]
[EndTime "14:39:08 PDT"]
[Termination "Slovineanu won by resignation"]

1. d4 Nf6 2. Nd2 d5 3. Ngf3 e6 4. e3 Be7 5. Bd3 O-O 6. O-O b6 7. Qe2 Bb7 8. e4 dxe4 9. Nxe4 Nbd7 10. Re1 c5 11. dxc5 Nxe4 12. Bxe4 Bxe4 13. Qxe4 Nxc5 14. Qe2 Bf6 15. c3 Qc7 16. Be3 Rfd8 17. Rad1 h6 18. Bd4 Bxd4 19. Rxd4 Rxd4 20. Nxd4 Rd8 21. Nf3 Nd3 22.
Rb1 Nf4 23. Qe3 Rd3 24. Qe4 Qd6 25. Re1 f5 26. Qa8+ Kh7 27. Qxa7 Rxf3 28. gxf3 Qd5 29. Qa6 Qxf3 30. Qf1 Nh3+ 0-1

[Event "Late-Titled-Tuesday-Blitz-April-30-2024"]
[Site "Chess.com"]
[Date "2024.04.30"]
[Round "4"]
[White "Iskusnyh"]
[Black "Jahonas"]
[Result "1-0"]
[WhiteElo "2617"]
[BlackElo "2393"]
[TimeControl "180+1"]
[EndTime "14:39:09 PDT"]
[Termination "Iskusnyh won by resignation"]

1. d4 Nf6 2. c4 e6 3. g3 d5 4. Bg2 c6 5. Qc2 Bd6 6. Nf3 O-O 7. Nc3 a6 8. e4 dxe4 9. Nxe4 Nxe4 10. Qxe4 Nd7 11.
O-O Nf6 12. Qc2 Re8 13. c5 Bf8 14. Bf4 Nd5 15. Bd2 g6 16. Ne5 Bg7 17. Rad1 Qc7 18. Rfe1 Bd7 19. Nc4 e5 20. Ba5 Bf5 21. Qb3 Qd7 22.
dxe5 Qe7 23. Nd6 Bxe5 24. Nxe8 Rxe8 25. Bxd5 cxd5 26. Bc3 Be4 27. Bxe5 Qxe5 28. f3 Re7 29. fxe4 dxe4 30. Rd8+ Kg7 31. Qc3 f5 32. Qxe5+ Rxe5 33. b4 a5 34. a3 axb4 35. axb4 g5 36. Red1 f4 37. R1d5 Re6 38. Rxg5+ 1-0

[Event "Late-Titled-Tuesday-Blitz-April-30-2024"]
[Site "Chess.com"]
[Date "2024.04.30"]
[Round "4"]
[White "el008"]
[Black "Navyblue1"]
[Result "1-0"]
[WhiteElo "2539"]
[BlackElo "2235"]
[TimeControl "180+1"]
[EndTime "14:39:09 PDT"]
[Termination "el008 won by checkmate"]

1. b3 Nf6 2. Bb2 g6 3. Nf3 Bg7 4. g3 O-O 5. Bg2 c5 6. O-O d5 7. d3 Nc6 8. Nbd2 Re8 9. e4 d4 10. a4 e5 11. Kh1 b6 12. Ng1 Rb8 13. h3 Nh5 14. Kh2 Qg5 15. Ndf3 Qd8 16. Nd2 Qg5 17. Ne2 Qe7 18. f4 exf4 19. gxf4 Qh4 20. Qe1 Qxe1 21. Raxe1 Nb4 22. Rc1 Nf6 23. Ng3 h5 24. Nc4 h4 25.
Ne2 Nh5 26. e5 Be6 27. Nd6 Red8 28. Bf3 Ng3 29. Nxg3 hxg3+ 30. Kxg3 Nd5 31. Bxd5 Bxd5 32. Nc4 Bf8 33. Rce1 a6 34. a5 b5 35. Nb6 Be6 36. Kh2 Be7 37. Rg1 Kg7 38. Ref1 Kh7 39. Bc1 Rb7 40. Bd2 Rg8 41. Be1 Bd8 42. h4 Bxb6 43.
axb6 Rxb6 44. b4 c4 45. Bf2 cxd3 46. Bxd4 Rc6 47. cxd3 Rd8 48. Bc5 Rxd3 49. Rd1 Rxd1 50. Rxd1 a5 51. Rd8 axb4 52. Be7 Rc2+ 53. Kg3 Rc3+ 54.
Kf2 Rc2+ 55. Ke3 Rc3+ 56. Kd2 Rc4 57. Bf6 Rxf4 58. Rh8# 1-0

[Event "Late-Titled-Tuesday-Blitz-April-30-2024"]
[Site "Chess.com"]
[Date "2024.04.30"]
[Round "4"]
[White "dealshark"]
[Black "Moltini"]
[Result "1-0"]
[WhiteElo "2312"]
[BlackElo "2486"]
[TimeControl "180+1"]
[EndTime "14:39:10 PDT"]
[Termination "dealshark won by resignation"]

1. e4 c5 2. Nf3 d6 3. d4 cxd4 4. Nxd4 Nf6 5. Nc3 a6 6. Be3 e5 7. Nb3 Be7 8. Qd2 O-O 9. f3 Be6 10. O-O-O b5 11. g4 Nbd7 12. h4 b4 13. Nd5 Bxd5 14. exd5 a5 15. Kb1 Nb6 16. Bxb6 Qxb6 17. h5 a4 18. Nc1 Rfc8 19. g5 Nd7 20. g6 Nc5 21. h6 fxg6 22. hxg7 Bf6 23. Qh6 Bxg7 24.
Qxh7+ Kf7 25. Rg1 Rc7 26. Qxg6+ Kf8 27. Bh3 b3 28. Rg5 bxc2+ 29. Qxc2 e4 30. fxe4 Nxe4 31. Rf1+ Kg8 32. Be6+ Kh8 33. Rh5+ Bh6 34. Rxh6+ Kg7 35. Qg2+ 1-0

[Event "Late-Titled-Tuesday-Blitz-April-30-2024"]
[Site "Chess.com"]
[Date "2024.04.30"]
[Round "4"]
[White "Fradi82"]
[Black "sansanathalia"]
[Result "1-0"]
[WhiteElo "2200"]
[BlackElo "2408"]
[TimeControl "180+1"]
[EndTime "14:39:10 PDT"]
[Termination "Fradi82 won by resignation"]

1. e4 c5 2. Nf3 d6 3. d4 cxd4 4. Nxd4 Nf6 5. Nc3 a6 6. Qe2 e5 7.
Nf5 Bxf5 8. exf5 Nc6 9. g4 Nd4 10. Qd1 b5 11. Bg2 Rc8 12. Be3 Nc6 13. g5 Nd7 14. Bxc6 Rxc6 15. Qd5 Qc8 16. O-O-O Be7 17. Kb1 Nc5 18. Ne4 Nxe4 19. Qxe4 Rc4 20. Qd3 Qc6 21.
Rhe1 O-O 22. f6 gxf6 23. gxf6 Bxf6 24. Rg1+ Kh8 25. Bh6 Rd4 26. Qf5 Rxd1+ 27. Rxd1 Bg7 28. Bxg7+ Kxg7 29. Rg1+ 1-0

[Event "Late-Titled-Tuesday-Blitz-April-30-2024"]
[Site "Chess.com"]
[Date "2024.04.30"]
[Round "4"]
[White "Kobalia"]
[Black "Perecke"]
[Result "1-0"]
[WhiteElo "2778"]
[BlackElo "2562"]
[TimeControl "180+1"]
[EndTime "14:39:15 PDT"]
[Termination "Kobalia won by resignation"]

1. e4 c5 2. Nf3 e6 3. g3 Nc6 4. Bg2 Qc7 5. O-O Nf6 6. Re1 d6 7. c3 Be7 8. d4 O-O 9. e5 Nd5 10. c4 Nb6 11. dxc5 dxc5 12. Qe2 Rd8 13. Bf4 Nd4 14.
Nxd4 cxd4 15. Nd2 Bd7 16. Rac1 Bc6 17. Ne4 Bxe4 18. Qxe4 Rab8 19. Red1 Na4 20. Rxd4 Nxb2 21. Rd6 Bxd6 22. exd6 Qd7 23. c5 Na4 24. c6 bxc6 25. Qxa4 e5 26. Bxe5 Rb5 27. Bxc6 1-0

[Event "Late-Titled-Tuesday-Blitz-April-30-2024"]
[Site "Chess.com"]
[Date "2024.04.30"]
[Round "4"]
[White "IsaqueGoncalvesSanto"]
[Black "Bykov_Egor"]
[Result "0-1"]
[WhiteElo "1862"]
[BlackElo "2602"]
[TimeControl "180+1"]
[EndTime "14:39:16 PDT"]
[Termination "Bykov_Egor won by resignation"]

1. d4 h5 2. e4 h4 3. Nf3 d6 4. h3 Nc6 5. Bc4 g6 6. Bg5 Bg7 7. c3 Nf6 8. Nbd2 Nxe4 9. Bxf7+ Kxf7 10. Nxe4 Bf5 11. Qe2 Bf6 12. Bxf6 exf6 13. g4 Bxe4 14.
Qxe4 Re8 15. Ne5+ dxe5 16. O-O-O exd4 17. Qf4 Qd6 18. Qh6 Rh8 19. Qd2 Kg7 20. Rhe1 Rhe8 21. g5 f5 22. cxd4 Qd5 23. Kb1 Rad8 24. Qc3 Rxe1 25. Rxe1 Qxd4 26. Qxd4+ Rxd4 27. Re7+ Nxe7 0-1

[Event "Late-Titled-Tuesday-Blitz-April-30-2024"]
[Site "Chess.com"]
[Date "2024.04.30"]
[Round "4"]
[White "carloseduar100"]
[Black "UK_23"]
[Result "0-1"]
[WhiteElo "2218"]
[BlackElo "2472"]
[TimeControl "180+1"]
[EndTime "14:39:18 PDT"]
[Termination "UK_23 won by resignation"]

1. e4 c5 2. Nf3 e6 3. Nc3 Nc6 4. d3 Nf6 5. g3 d5 6. Qe2 d4 7.
Nd1 b6 8. Bg2 Bb7 9. O-O Be7 10.
c3 Nd7 11. a3 O-O 12. cxd4 cxd4 13. b4 e5 14. Nb2 b5 15. h4 h6 16. Nh2 a5 17. bxa5 Rxa5 18. f4 Bxa3 19. fxe5 Ndxe5 20. Ng4 Nxg4 21. Qxg4 Ne5 22. Qe2 Qa8 23. Kh2 Bc8 24.
Bh3 Bxh3 25. Kxh3 Qc8+ 26. Kg2 Ra8 27. Rf5 f6 28. Rxa3 Rxa3 29. Nc4 bxc4 30. Bxa3 cxd3 31. Qa2+ Qc4 32. Qxc4+ Nxc4 33. Bxf8 d2 34. Rf1 Ne3+ 35. Kf2 Nxf1 36. Ke2 Kxf8 0-1

[Event "Late-Titled-Tuesday-Blitz-April-30-2024"]
[Site "Chess.com"]
[Date "2024.04.30"]
[Round "4"]
[White "protectiago"]
[Black "Sacbutt"]
[Result "1-0"]
[WhiteElo "2051"]
[BlackElo "2266"]
[TimeControl "180+1"]
[EndTime "14:39:21 PDT"]
[Termination "protectiago won by checkmate"]

1. d4 e5 2. dxe5 Nc6 3. Nf3 Qe7 4. g3 Nxe5 5. Bg2 c6 6. O-O d5 7. Nbd2 f5 8. Nxe5 Qxe5 9. Nf3 Qe6 10. c4 dxc4 11.
Qc2 Nf6 12. Ng5 Qg8 13. Rd1 h6 14. Nf3 Bd7 15. Bf4 Qe6 16. Nd4 Qf7 17. Nxf5 Bc5 18. Nd6+ Bxd6 19. Bxd6 O-O-O 20. Qa4 a6 21. Qa5 Be6 22.
Qb6 Bd5 23. Bf4 g5 24. e4 Nxe4 25. Rxd5 cxd5 26. Bh3+ Rd7 27. Qc7# 1-0

[Event "Late-Titled-Tuesday-Blitz-April-30-2024"]
[Site "Chess.com"]
[Date "2024.04.30"]
[Round "4"]
[White "only_strong_moves"]
[Black "CDOEspiao"]
[Result "1-0"]
[WhiteElo "2728"]
[BlackElo "2540"]
[TimeControl "180+1"]
[EndTime "14:39:22 PDT"]
[Termination "only_strong_moves won by resignation"]

1. Nc3 c5 2. Nf3 e6 3. d4 cxd4 4. Nxd4 b6 5. Bf4 d6 6. Ndb5 e5 7. Qd5 exf4 8. Qxa8 Be6 9. Qb7 Be7 10. Ne4 Nf6 11. Nc7+ Kf8 12. Nxe6+ fxe6 13. Ng5 Kg8 14. Nxe6 Qe8 15. Nxf4 Nbd7 16. e3 h5 17. Bc4+ Kh7 18. Bb5 Qc8 19. Qxc8 Rxc8 20. Bxd7 Nxd7 21. O-O-O Ne5 22.
Nxh5 g5 23. Ng3 Kg6 24. Ne4 Rc6 25. c3 a5 26. Rd2 b5 27. Rhd1 Nc4 28. Rd5 b4 29. b3 Na3 30. c4 a4 31. Nxd6 axb3 32. axb3 Ra6 33. Nc8 Bf8 34. Rd6+ Bxd6 35. Rxd6+ Rxd6 36. Nxd6 Kf6 37. Nb5 g4 38. Nxa3 bxa3 39. Kb1 g3 40. hxg3 1-0

[Event "Late-Titled-Tuesday-Blitz-April-30-2024"]
[Site "Chess.com"]
[Date "2024.04.30"]
[Round "4"]
[White "TheAlienParty"]
[Black "Janh4"]
[Result "1-0"]
[WhiteElo "2432"]
[BlackElo "2196"]
[TimeControl "180+1"]
[EndTime "14:39:24 PDT"]
[Termination "TheAlienParty won on time"]

1. c4 e6 2. Nf3 d5 3. e3 Nf6 4.
b3 Be7 5. Bb2 O-O 6. h4 b6 7. Qc2 Bb7 8. cxd5 Nxd5 9. Ng5 g6 10.
Nxh7 Kxh7 11. h5 f5 12. hxg6+ Kxg6 13. e4 Nf4 14. exf5+ exf5 15. Qc3 Bf6 16. Qg3+ Bg5 17. Nc3 Nxg2+ 18. Bxg2 Qxd2+ 19. Kf1 Bxg2+ 20. Kxg2 Qxb2 21. Nd5 Nd7 22. Qxc7 Qg7 23. Rag1 Ne5 24. Qxg7+ Kxg7 25. f4 Ng4 26. fxg5 Rad8 27. Nf4 Rd2+ 28. Kf3 Rc8 29.
Rc1 Rxc1 30. Rxc1 Rf2+ 31. Kg3 Rxa2 32. Rc7+ Kg8 33. Ne6 Ra3 34. g6 Rxb3+ 35. Kh4 1-0

[Event "Late-Titled-Tuesday-Blitz-April-30-2024"]
[Site "Chess.com"]
[Date "2024.04.30"]
[Round "4"]
[White "kleinebeer98"]
[Black "mishanick"]
[Result "0-1"]
[WhiteElo "2920"]
[BlackElo "3109"]
[TimeControl "180+1"]
[EndTime "14:39:25 PDT"]
[Termination "mishanick won by resignation"]

1. e4 c5 2. Nf3 e6 3. d4 cxd4 4. Bg5 f6 5. Bc1 Bb4+ 6. c3 dxc3 7. bxc3 Bc5 8. Nd4 Qb6 9. Na3 a6 10. Rb1 Qc7 11. Qh5+ g6 12. Qh4 Bxa3 13. Bd2 Nc6 14. Be2 Bc5 15. O-O b5 16. Be3 Be7 17. Rfc1 Ne5 18. c4 Nxc4 19. Bxc4 bxc4 20. Nf3 e5 21. Nd2 c3 22. Nf3 Rb8 23. Rxb8 Qxb8 24. Rxc3 Bb7 25.
h3 Bc6 26. Nd2 Qb2 27. Rb3 Qxa2 28. Rb8+ Kf7 29. f4 Bd6 30. Rc8 exf4 31. Bxf4 Qe6 32. Bxd6 Qxd6 33. Nf3 Kg7 34. e5 fxe5 35. Ng5 Qd4+ 36.
Qxd4 exd4 0-1

[Event "Late-Titled-Tuesday-Blitz-April-30-2024"]
[Site "Chess.com"]
[Date "2024.04.30"]
[Round "4"]
[White "DenisQ"]
[Black "Mikhal867"]
[Result "1-0"]
[WhiteElo "2723"]
[BlackElo "2540"]
[TimeControl "180+1"]
[EndTime "14:39:25 PDT"]
[Termination "DenisQ won on time"]

1. Nf3 c5 2. c4 Nf6 3. Nc3 d5 4.
cxd5 Nxd5 5. e4 Nb4 6. Bb5+ Bd7 7. Bc4 e6 8. O-O Be7 9. d4 cxd4 10. Nxd4 N8c6 11.
Ndb5 O-O 12. a3 Na6 13. Be3 Ne5 14. Be2 Bc6 15. Nxa7 Qc7 16. Nxc6 Nxc6 17. Rc1 Bf6 18. Nb5 Qe5 19. b4 Qxe4 20. Nd6 Qh4 21. b5 Rad8 22. bxc6 Be5 23. g3 Qe7 24. Bxa6 bxa6 25. c7 Rxd6 26. c8=Q Rxd1 27. Rfxd1 Bb2 28. Rc7 Qxa3 29. Bc5 1-0

[Event "Late-Titled-Tuesday-Blitz-April-30-2024"]
[Site "Chess.com"]
[Date "2024.04.30"]
[Round "4"]
[White "brother-bear"]
[Black "ferdipy"]
[Result "0-1"]
[WhiteElo "2047"]
[BlackElo "2286"]
[TimeControl "180+1"]
[EndTime "14:39:27 PDT"]
[Termination "ferdipy won on time"]

1. e4 e6 2. d4 d5 3. Nc3 Bb4 4. e5 c5 5. Bd2 cxd4 6. Nb5 Be7 7. f4 Nc6 8. Nf3 Qb6 9. a4 a6 10. a5 Qd8 11. Nbxd4 Bd7 12. Bd3 Rc8 13. O-O Nh6 14. Kh1 f5 15. exf6 Bxf6 16. Bc3 O-O 17. Qe2 Nxd4 18. Bxd4 Nf5 19. Bxf5 exf5 20. Bxf6 Qxf6 21.
Ne5 Bc6 22. Rad1 Rce8 23. Qf2 Qd6 24. c3 Qc7 25. b4 Bb5 26. Rfe1 Qxc3 27. Rxd5 Qxb4 28.
Rc1 Rc8 29. Rxc8 Rxc8 30. h3 h6 31. Kh2 Qxa5 32. Qg3 Qb4 33. Qg6 Qxf4+ 0-1